 Dungeon Crawl Stone Soup version 0.17-a0-1923-gc35365e (webtiles) character file.

3241 Eldritch the Grappler (level 9, -2/88 HPs)
             Began as a Troll Monk on Sept 28, 2015.
             Was an Elder of Nemelex Xobeh.
             Slain by an orc warrior
             ... wielding a +0 war axe
              (9 damage)
             ... on level 9 of the Dungeon.
             The game lasted 00:22:56 (6722 turns).

Eldritch the Grappler (Troll Monk)                  Turns: 6722, Time: 00:22:56

Health: -2/88      AC: 11    Str: 22    XL:     9   Next: 67%
Magic:  4/10       EV: 13    Int: 11    God:    Nemelex Xobeh [****..]
Gold:   510        SH:  0    Dex: 14    Spells: 0 memorised, 8 levels left

rFire  . . .     SeeInvis .       - Unarmed
rCold  . . .     Clarity  .     b - +2 robe {MR+}
rNeg   . . .     SustAt   +     (no shield)
rPois  .         Gourm    +     (helmet restricted)
rElec  .         Spirit   .     (no cloak)
rCorr  .         Warding  .     (gloves unavailable)
rMut   .         Stasis   .     (boots unavailable)
MR     +....                    (no amulet)
Stlth  ++........               z - ring of sustain attributes
                                d - +4 ring of protection

@: brilliant, flying, somewhat resistant to hostile enchantments, unstealthy
A: unfitting armour, claws 3, fast metabolism 3, gourmand, regeneration 2,
shaggy fur 1, tough skin 2
a: Triple Draw, Deal Four, Renounce Religion


You were on level 9 of the Dungeon.
You worshipped Nemelex Xobeh.
Nemelex Xobeh was greatly pleased with you.
You were not hungry.

You visited 1 branch of the dungeon, and saw 9 of its levels.

You collected 510 gold pieces.

Inventory:

Armour
 a - a +0 robe
 b - a +2 robe of magic resistance (worn)
Jewellery
 d - a +4 ring of protection (left claw)
 v - an uncursed ring of positive energy
 z - a ring of sustain attributes (right claw)
Magical devices
 i - a wand of magic darts (29)
 y - a wand of disintegration (7)
 B - a wand of frost (15)
 P - a wand of fire (1)
Scrolls
 e - 2 scrolls of noise {unknown}
 g - a scroll of enchant weapon {unknown}
 l - 2 scrolls of recharging {unknown}
 p - 4 scrolls of amnesia {unknown}
 r - 4 scrolls of identify
 t - a scroll of magic mapping {unknown}
 u - a scroll of fog {unknown}
 E - 4 scrolls of remove curse {unknown}
 H - a scroll of immolation {unknown}
 J - a scroll of fear {unknown}
 K - a scroll of acquirement {unknown}
 L - a scroll of random uselessness {unknown}
 O - 3 scrolls of teleportation {unknown}
 T - a scroll of vulnerability {unknown}
Potions
 c - 2 potions of flight
 h - 2 potions of mutation {unknown}
 j - 2 potions of magic {unknown}
 k - 2 potions of resistance {unknown}
 m - 3 potions of curing {unknown}
 n - a potion of ambrosia {unknown}
 o - 2 potions of heal wounds {unknown}
 D - 4 potions of poison {unknown}
 F - 2 potions of lignification {unknown}
 N - a potion of cure mutation {unknown}
Books
 s - a book of the Warp

   Spells                             Type                      Level
   a - Recall                         Summoning/Translocation      3
   b - Gell's Gravitas                Hexes/Translocation          3
   c - Force Lance                    Conjuration/Translocation    4
   d - Phase Shift                    Translocation                5
   e - Warp Weapon                    Charms/Translocation         5
   f - Summon Forest                  Summoning/Translocation      5
 A - a book of Summonings

   Spells                             Type                      Level
   a - Recall                         Summoning/Translocation      3
   b - Aura of Abjuration             Summoning                    5
   c - Shadow Creatures               Summoning                    5
   d - Summon Demon                   Summoning                    5
   e - Summon Forest                  Summoning/Translocation      5
   f - Summon Mana Viper              Hexes/Summoning              5
 Q - a book of Geomancy

   Spells                             Type                      Level
   a - Sandblast                      Earth                        1
   b - Stoneskin                      Transmutation/Earth          2
   c - Passwall                       Transmutation/Earth          3
   d - Stone Arrow                    Conjuration/Earth            3
   e - Petrify                        Transmutation/Earth          4
   f - Lee's Rapid Deconstruction     Earth                        5
Miscellaneous
 f - a plain deck of war {drawn: 6}
 q - a plain deck of escape {drawn: 1}
 I - a plain deck of destruction
 S - an ornate deck of escape
Comestibles
 w - a beef jerky
 x - 3 meat rations
 C - a fruit
 M - a bread ration
 R - a chunk of flesh


   Skills:
 + Level 5.5 Fighting
 + Level 6.7 Dodging
 + Level 3.9 Stealth
 + Level 8.0 Unarmed Combat
 + Level 3.1 Evocations


You had 8 spell levels left.
You didn't know any spells.

Dungeon Overview and Level Annotations

Branches:
Dungeon (9/15)             Temple (0/1) D:7
   Lair: D:8-11         Orc: D:9-12

Altars:
Cheibriados
Dithmenos
Fedhas
Kikubaaqudgha
Makhleb
Nemelex Xobeh
Trog
Vehumet
Zin


Innate Abilities, Weirdness & Mutations

You are too large for most types of armour.
You have claws for hands.
Your metabolism is lightning-fast.
You like to eat raw meat.
You heal very quickly.
You are covered in fur (AC +1).
You have very tough skin (AC +2).


Message History

You closely miss the orc warrior.
The orc warrior is severely wounded.
You claw the orc priest!
The orc priest is almost dead.
Your cleaving frenzy subsides.
The orc warrior misses you.
You closely miss the orc warrior. Your claw misses the orc warrior.
The orc warrior is severely wounded.
The orc priest hits you with a hand axe.
* * * LOW HITPOINT WARNING * * *
You barely miss the orc priest.
The orc priest is almost dead.
The orc warrior hits you with a war axe.
* * * LOW HITPOINT WARNING * * *
The orc priest barely misses you.
You claw the orc priest!
You kill the orc priest!
The orc warrior hits you with a war axe!
You die...
Your body glows with a rainbow of weird colours and disappears.

########.# ## #..#####
.........# ..## #..#
########.# ...#..# #.#
#.#..# ##.## #>#
#....##### #...# #.#
#......... #...# #.#
#.##.##### ######...####
#.# #.##.# ......)...)@#
#.# #.##.# ######.####o#
#.# #.##%# #. #.# #.#
#.##.# ..
#.###.###.##.##### ###
#....#.#..........
###.###.#.####>###
######.#..#.###.###.#
.................... #
#######.#........#######


You could see an orc warrior.

Vanquished Creatures
  Grinder (D:5)
  Sigmund (D:5)
  Eustachio (D:6)
  A hungry ghost (D:8)
  Edmund (D:4)
  3 orc warriors
  A phantom (D:7)
  4 ice beasts
  2 ogres
  A crocodile (D:9)
  2 centaurs (D:5)
  2 giant frogs
  2 scorpions
  2 giant frog zombies
  A centaur zombie (D:6)
  3 centaur skeletons
  5 iguanas
  2 jellies
  6 orc wizards
  5 hounds
  Jessica (D:2)
  4 orc priests
  5 worker ants
  2 killer bee zombies (D:5)
  A worker ant zombie (D:7)
  7 adders
  A shadow imp (D:6)
  3 worms
  3 giant geckos
  12 orcs
  4 ball pythons
  4 giant cockroaches
  8 goblins
  9 hobgoblins
  4 jackals (D:1)
  5 kobolds (D:1)
  4 quokkas
  4 bats
  A giant gecko skeleton (D:4)
  3 giant newts
  A jackal zombie (D:6)
  6 rats
138 creatures vanquished.

Vanquished Creatures (collateral kills)
  A big kobold (D:7)
  A scorpion (D:4)
  A crimson imp (D:5)
  A giant frog zombie (D:6)
  A jelly (D:8)
  A giant frog skeleton (D:4)
  A statue (D:6)
  3 gnolls (D:7)
  An adder (D:4)
  A shadow imp (D:8)
  13 orcs
  A giant cockroach (D:4)
  A hobgoblin (D:3)
  5 kobolds (D:7)
32 creatures vanquished.

Grand Total: 170 creatures vanquished

Notes
Turn   | Place    | Note
--------------------------------------------------------------
     0 | D:1      | Eldritch the Troll Monk began the quest for the Orb.
     0 | D:1      | Reached XP level 1. HP: 22/22 MP: 0/0
   168 | D:1      | Reached XP level 2. HP: 29/29 MP: 1/1
   694 | D:2      | Found a sparkling altar of Nemelex Xobeh.
   707 | D:2      | Became a worshipper of Nemelex Xobeh the Trickster
   707 | D:2      | Received a gift from Nemelex Xobeh
   707 | D:2      | Received a gift from Nemelex Xobeh
   813 | D:2      | Reached XP level 3. HP: 36/36 MP: 2/2
  1054 | D:2      | Noticed Robin
  1061 | D:2      | Noticed Robin
  1061 | D:2      | Robin changed into Robin the giant gecko
  1067 | D:2      | Killed Robin the giant gecko
  1105 | D:2      | Noticed Jessica
  1109 | D:2      | Killed Jessica
  1109 | D:2      | Reached XP level 4. HP: 42/45 MP: 3/3
  1781 | D:3      | Received a gift from Nemelex Xobeh
  1789 | D:3      | Reached XP level 5. HP: 45/53 MP: 4/4
  2337 | D:4      | Noticed Edmund
  2346 | D:4      | Killed Edmund
  2346 | D:4      | Reached skill level 5 in Unarmed Combat
  2346 | D:4      | Reached XP level 6. HP: 59/61 MP: 5/5
  2358 | D:4      | Received a gift from Nemelex Xobeh
  2398 | D:4      | Acquired Nemelex Xobeh's first power
  2594 | D:4      | Reached skill level 1 in Evocations
  2917 | D:4      | Found a blossoming altar of Fedhas.
  2922 | D:4      | Found a burning altar of Makhleb.
  2922 | D:4      | Found a bloodstained altar of Trog.
  2924 | D:4      | Found a shadowy altar of Dithmenos.
  2983 | D:4      | Reached XP level 7. HP: 67/67 MP: 6/6
  3179 | D:5      | Entered Level 5 of the Dungeon
  3179 | D:5      | Noticed Sigmund
  3198 | D:5      | Killed Sigmund
  3309 | D:5      | Received a gift from Nemelex Xobeh
  3321 | D:5      | Noticed Grinder
  3346 | D:5      | Killed Grinder
  3346 | D:5      | Reached skill level 5 in Dodging
  3346 | D:5      | Reached skill level 6 in Unarmed Combat
  3346 | D:5      | Reached XP level 8. HP: 64/78 MP: 8/8
  3364 | D:5      | Acquired Nemelex Xobeh's second power
  3741 | D:5      | Found an ancient bone altar of Kikubaaqudgha.
  3741 | D:5      | Found a glowing silver altar of Zin.
  3922 | D:6      | Received a gift from Nemelex Xobeh
  4846 | D:6      | Found a radiant altar of Vehumet.
  4852 | D:6      | Noticed Eustachio
  4864 | D:6      | Killed Eustachio
  4864 | D:6      | Reached skill level 5 in Fighting
  4864 | D:6      | Reached skill level 7 in Unarmed Combat
  4864 | D:6      | Reached XP level 9. HP: 73/88 MP: 7/9
  5081 | D:7      | Received a gift from Nemelex Xobeh
  5308 | D:7      | Found a staircase to the Ecumenical Temple.
  5545 | D:7      | Found a snail-covered altar of Cheibriados.
  6043 | D:8      | Received a gift from Nemelex Xobeh
  6617 | D:9      | Acquired Nemelex Xobeh's third power
  6655 | D:9      | Received a gift from Nemelex Xobeh
  6714 | D:9      | Reached skill level 8 in Unarmed Combat
  6722 | D:9      | Slain by an orc warrior

Vault maps used:
D:1:      shiori_arrival_maze
D:2:      first_bread, nemelex_xobeh_ov_fountains_minmay, uniq_robin,
          uniq_jessica
D:4:      minitemple, uniq_edmund
D:5:      amethyst_overflow_temple_binary, uniq_grinder, uniq_sigmund
D:6:      vehumet_statue, uniq_eustachio
D:7:      temple_pool_a, lemuel_tele_altar
D:9:      minmay_misc_feat_room

Action                   |  1- 3 |  4- 6 |  7- 9 || total
-------------------------+-------+-------+-------++-------
Melee: Unarmed           |    87 |    97 |   299 ||   483
Invok: Triple Draw       |       |       |     2 ||     2
       Deal Four         |       |       |     1 ||     1
Evoke: Deck              |     6 |     9 |    16 ||    31
       Wand              |       |     2 |       ||     2
  Use: Scroll            |       |     2 |     3 ||     5
       Potion            |       |       |     1 ||     1
 Stab: Sleeping          |     2 |     3 |     5 ||    10
       Distracted        |       |       |     1 ||     1
  Eat: Chunk             |     3 |     9 |    22 ||    34
       Bread ration      |     1 |     2 |     2 ||     5
       Pizza             |       |       |     1 ||     1
       Beef jerky        |       |       |     1 ||     1
       Fruit             |       |       |     2 ||     2
